 Dungeon Crawl Stone Soup version 0.27-a0-1136-g0b992a5a9d (console) character file.

Game seed: 3946531191050743683

69 nht the Sneak (level 4, -1/30 HPs)
             Began as a Vampire Enchanter on May 5, 2021.
             Succumbed to an adder's poison
             ... on level 1 of the Dungeon.
             The game lasted 00:03:44 (1412 turns).

nht the Sneak (Vampire Enchanter)                   Turns: 1412, Time: 00:03:45

Health: -1/30      AC:  3    Str:  7    XL:     4   Next: 2%
Magic:  0/7        EV: 12    Int: 18    God:
Gold:   56         SH:  0    Dex: 14    Spells: 4/7 levels left

rFire    . . .     SeeInvis +   a - +1 dagger
rCold    . . .     Faith    .   (no shield)
rNeg     . . .     Spirit   .   b - +0 robe
rPois    .         Reflect  .   (no helmet)
rElec    .         Harm     .   (no cloak)
rCorr    .         Rampage  .   e - +0 pair of gloves
Will     +....                  (no boots)
Stlth    +++.......             (no amulet)
HPRegen  0.30/turn              d - ring of willpower
MPRegen  0.10/turn              (no ring)

@: mighty, lethally poisoned (-1 -> -8), attractive, healing quickly
A: alive, fangs 3, see invisible, unbreathing 1, vampiric 2
a: Exsanguinate


You were on level 1 of the Dungeon.
You visited 1 branch of the dungeon, and saw 3 of its levels.

You collected 56 gold pieces.

Inventory:

Hand Weapons
 a - a +1 dagger (weapon)
Armour
 b - a +0 robe (worn)
 e - a +0 pair of gloves (worn)
 i - a +1 hat
Magical Staves
 c - a staff of cold
Jewellery
 d - a ring of willpower (left hand)


   Skills:
 * Level 3.1 Short Blades
 - Level 2.1 Dodging
 + Level 5.3 Stealth
 - Level 2.0 Spellcasting
 + Level 5.2 Hexes


You had 4 spell levels left.
You knew the following spells:

 Your Spells              Type           Power      Damage    Failure   Level
a - Corona                Hex            22%        N/A       2%          1
b - Ensorcelled Hibernat  Hex/Ice        22%        N/A       10%         2

Your spell library contained the following spells:

 Spells                   Type           Power      Damage    Failure   Level
 Confusing Touch          Hex            20%        N/A       6%          3
 Tukima's Dance           Hex            20%        N/A       6%          3
 Dazzling Flash           Conj/Hex       22%        N/A       19%         3


Dungeon Overview and Level Annotations

Branches:
Dungeon (3/15)

Altars:
Xom


Innate Abilities, Weirdness & Mutations

Your natural rate of healing is accelerated.
You have razor-sharp teeth.
You have supernaturally acute eyesight. (SInv)
You can survive without breathing.
You are afflicted with vampirism and can become a bat while bloodless.


Message History

There is a stone staircase leading up here.
The adder bites you.
You are poisoned.
The adder poisons you! The jackal closely misses you.
You climb upwards.
You feel very sick.
There is a stone staircase leading down here.
Unknown command.
Casting: Ensorcelled Hibernation (safe; 10% risk of failure)
Confirm with . or Enter, or press ? or * to list all spells.
Aiming: Ensorcelled Hibernation (safe; 10% risk of failure)
Press: ? - help, Shift-Dir - straight line, f - adder
Aim: an adder (chance to affect: 50%)
The adder resists with some effort.
You feel sick. The adder misses you. The jackal barely misses you.
The adder barely misses you.
As you read the scroll labelled HUARAU OHAROTRAFI, it crumbles to dust.
It is a scroll of identify.
f - a potion of might You feel sick.
The jackal closely misses you. The adder bites you.
You are more poisoned.
The adder poisons you! The jackal closely misses you.
You feel very mighty all of a sudden.
You feel sick. The adder bites you.
You are more poisoned.
The adder poisons you! The jackal closely misses you.
You hit the adder.
The adder is severely wounded.
You feel sick. The jackal bites you.
* * * LOW HITPOINT WARNING * * *
The adder bites you.
* * * LOW HITPOINT WARNING * * *
You barely miss the adder.
The adder is severely wounded.
* * * LOW HITPOINT WARNING * * *
You feel sick. The jackal closely misses you. The adder closely misses you.
The jackal bites you.
* * * LOW HITPOINT WARNING * * *
It was a potion of attraction.
You feel attractive to monsters.
You die... .......█....█......█ ███████████

..........)...██.█.█
..........█.█.██.█.█
██............██.█.█
█..........████.█.█
████..............█
█........███.███
█████......^......█
....█..████.....@S█
....█...........█h█
....█.........███.█
....█........██ █.█
....█.██████.██ █.█
....█.█ █.....█ █.█
.████.█ █.....█ █.█
.██ █.█
█.....███.███ ..█
█.█
█...........████████


You could see an adder and a jackal.

Vanquished Creatures
  2 adders (D:2)
  2 dart slugs (D:2)
  3 ball pythons
  4 bats
  5 endoplasms
  2 giant cockroaches
  2 goblins (D:1)
  2 hobgoblins
  11 jackals
  4 kobolds
  A rat (D:1)
38 creatures vanquished.

Notes
Turn   | Place    | Note
-------+----------+-------------------------------------------
     0 | D:1      | nht the Vampire Enchanter began the quest for the Orb.
     0 | D:1      | Reached XP level 1. HP: 13/13 MP: 3/3
   164 | D:1      | Found a faded altar of an unknown god.
   489 | D:1      | Reached XP level 2. HP: 19/19 MP: 5/5
   605 | D:1      | Learned a level 2 spell: Ensorcelled Hibernation
  1087 | D:3      | Reached skill level 5 in Stealth
  1087 | D:3      | Gained mutation: You are afflicted with vampirism and can
                  | become a bat while bloodless. [Vampire growth]
  1087 | D:3      | Reached XP level 3. HP: 24/24 MP: 6/6
  1119 | D:2      | Found a shimmering altar of Xom.
  1241 | D:2      | Reached skill level 5 in Hexes
  1386 | D:2      | Reached XP level 4. HP: 26/30 MP: 4/7
  1411 | D:1      | HP: 1/30 [jackal (3)]
  1412 | D:1      | Succumbed to an adder's poison

Illustrated notes

Levels and vault maps discovered:
D:1:      minmay_arrival_open_corners, layout_basic,
          shapermc_ecumenical_altar_mp_highgroup
D:2:      minmay_kobold_bridge, layout_rooms, basic_altar, st_stairs_2
D:3:      layout_rooms, slow_altar_1, gammafunk_ghost_necromancy,
          chequers_serial_rivers_small_b

Skill      XL: |  1  2  3 |
---------------+----------+-----
Short Blades   | 2 3 |  3.1
Stealth        | 5 |  5.3
Hexes          | 5 |  5.2
Dodging        | |  2.1
Spellcasting   | |  2.0

Action                   |  1- 3 |  4- 6 || total
-------------------------+-------+-------++-------
Melee: Dagger            |   109 |    13 ||   122
       Bite              |     7 |     1 ||     8
 Cast: Corona            |     6 |       ||     6
       Ensorcelled Hiber |    17 |     2 ||    19
  Use: Scroll            |     3 |     1 ||     4
       Potion            |       |     2 ||     2
 Stab: Sleeping          |    19 |       ||    19
Armor: Robe              |    31 |     3 ||    34
Dodge: Dodged            |    73 |    19 ||    92

Table legend: (Time is in decaauts)
 A = Elapsed time spent in this place.
 B = Non-inter-level travel time spent in this place.
 C = Inter-level travel time spent in this place.
 D = Time resting spent in this place.
 E = Time spent auto-exploring this place.
 F = Levels seen in this place.
 G = Mean time per level.
                   A        B        C        D        E       F      G
               +--------+--------+--------+--------+--------+-----+--------+
         Total |   1402 |   1244 |    158 |      0 |    876 |   3 |  467.3 |
       Dungeon |   1402 |   1244 |    158 |      0 |    876 |   3 |  467.3 |
               +--------+--------+--------+--------+--------+-----+--------+

Top non-repeatable levels by time:
     D:1: 1163 daAuts
     D:2: 184 daAuts
     D:3: 54 daAuts
